 Dungeon Crawl Stone Soup version 0.31.0-9-g3a7656b989 (webtiles) character file.

Game seed: 3841775905086145420

5329 qw the Markself (level 10, -3/59 HPs)
             Began as a Deep Elf Hunter on Feb 2, 2024.
             Was a Priest of Okawaru.
             Slain by a killer bee (4 damage)
             ... on level 8 of the Dungeon.
             The game lasted 00:00:33 (7120 turns).

qw the Markself (Deep Elf Hunter)                   Turns: 7120, Time: 00:00:34

Health: -3/59      AC:  7    Str: 16    XL:     10   Next: 38%
Magic:  27/27      EV: 15    Int: 15    God:    Okawaru [***...]
Gold:   317        SH:  0    Dex: 20    Spells: 9/9 levels left

rFire   . . .        d - +2 orcbow (flame)
rCold   + . .        (shield currently unavailable)
rNeg    . . .        r - +0 ring mail
rPois   .            (no helmet)
rElec   .            (no cloak)
rCorr   .            (no gloves)
SInv    .            k - +1 pair of boots
Will    +....        m
                       - Hermit's Pendant {Faith Invo=14 Evo=0 MP+5}
Stlth   +            a - +6 ring of strength
HPRegen 0.29/turn    q - ring of protection from cold
MPRegen 0.20/turn

%: faith
@: lethally poisoned (-3 -> -5)
A: no striking features
a: Renounce Religion, Heroism


You were on level 8 of the Dungeon.
You worshipped Okawaru.
Okawaru was most pleased with you.
You visited 2 branches of the dungeon, and saw 9 of its levels.
You also visited: Sewer.

You collected 317 gold pieces.


   Skills:
 - Level 5.1 Fighting
 - Level 16.0 Ranged Weapons
 - Level 2.0 Armour
 + Level 7.6 Dodging
 - Level 1.2 Stealth
 - Level 4.3(14.0) Invocations


You had 9 spell levels left.
You didn't know any spells.
Your spell library was empty.

Inventory:

Hand Weapons
 d - a +2 orcbow of flaming (weapon)
Armour
 k - a +1 pair of boots (worn)
 l - a +1 pair of gloves
 r - a +0 ring mail (worn)
Jewellery
 a - a +6 ring of strength (left hand)
 b - a ring of resist corrosion
 i - a ring of ice
 m - the Hermit's Pendant (around neck) {Faith Invo=14 Evo=0 MP+5}
   (You found it on level 3 of the Dungeon)

   [amulet of faith]

   Invo=14: It sets your Invocations skill to 14.
   Evo=0: It sets your Evocations skill to 0.
   Faith:     It allows you to gain divine favour quickly.
   MP+5:      It affects your magic capacity (+5).
 q - a ring of protection from cold (right hand)
Wands
 e - a wand of iceblast (7)
 f - a wand of polymorph (7)
 g - a wand of charming (9)
Potions
 c - a potion of resistance
 h - a potion of might
 j - a potion of brilliance {unknown}
 n - 2 potions of haste
 o - 3 potions of curing

Dungeon Overview and Level Annotations

Branches:
Dungeon (8/15)             Temple (1/1) D:5           Sewer (visited)
   Lair: D:8-11

Altars:
Ashenzari
Cheibriados
Elyvilon
Fedhas
Gozag
Hepliaklqana
Kikubaaqudgha
Makhleb
Nemelex Xobeh
Okawaru
Qazlal
Ru
Sif Muna
Uskayaw
Vehumet
Wu Jian
Xom
Yredelemnul
Zin
The Shining One

Shops:
D:1 *   D:6 =


Message History

You shoot an arrow. The arrow hits the killer bee.
The arrow burns the killer bee.
You kill the killer bee!
Okawaru accepts your kill.
You feel sick.
The gnoll bouda gazes fiercely through you!
You feel as though you will be weak longer.
You shoot an arrow.
The arrow hits the gnoll but does no damage.
You feel sick. The gnoll closely misses you.
You shoot an arrow. The arrow hits the gnoll!
The arrow burns the gnoll.
The gnoll is almost dead.
You feel sick.
A killer bee comes into view.
The gnoll hits you with a +0 whip.
You shoot an arrow. The arrow hits the gnoll!
The arrow burns the gnoll.
You kill the gnoll!
Okawaru accepts your kill.
You feel sick.
You shoot an arrow. The arrow hits the gnoll!
The arrow burns the gnoll.
The gnoll is severely wounded.
You feel sick. The gnoll barely misses you.
You shoot an arrow. The arrow barely misses the gnoll.
The arrow hits the gnoll bouda!
The arrow burns the gnoll bouda.
You kill the gnoll bouda!
Okawaru accepts your kill.
You feel sick. The gnoll closely misses you.
You shoot an arrow. The arrow barely misses the gnoll.
The arrow misses the killer bee.
You feel sick. The gnoll hits you with a +0 flail!
You shoot an arrow. The arrow hits the gnoll.
The arrow burns the gnoll.
You kill the gnoll!
Okawaru accepts your kill.
You feel sick.
The killer bee stings you but does no damage.
You shoot an arrow. The arrow barely misses the killer bee.
The arrow misses the killer bee.
Your attacks no longer feel as feeble.
The killer bee stings you. x2
You die...

##.............####
#..8.......8..#
#............##
...........##
###......###
#.....## #.###.###
# #...#####
#.#.@yy.#
#.####gy.# #.#
..PP# ..# ...PP#
..# ..PPP# ..)#
...PP# %#.#


gPPPP# PPPPP# You could see 3 killer bees and a gnoll (swift).

Vanquished Creatures
  Jeremiah (D:6)
  2 polar bears (D:8)
  A hornet (D:8)
  Prince Ribbit (D:7)
  Eustachio (D:6)
  4 yaks (D:8)
  An acid dragon (D:8)
  A water moccasin (D:5)
  2 black bears
  5 ice beasts
  3 ogres
  2 wolves (D:8)
  2 brain worms (Sewer)
  2 bullfrogs
  2 jellies
  5 scorpions
  A burial acolyte (D:7)
  9 wights
  2 killer bees (D:8)
  An electric eel (D:8)
  2 bombardier beetles
  4 hounds
  2 gnoll boudas
  3 orc priests
  2 sleepcaps
  4 iguanas
  5 orc wizards
  7 gnolls
  7 adders
  6 river rats
  A shadow imp (D:6)
  2 white imps
  2 ufetubi (D:5)
  2 adder zombies (D:7)
  3 dart slugs
  A ribbon worm (D:3)
  21 orcs
  5 bats
  4 endoplasms
  A giant cockroach (D:3)
  4 goblins
  10 hobgoblins
  5 jackals
  4 quokkas
  7 ball pythons
  9 frilled lizards
  2 jackal zombies (D:7)
  7 kobolds
  11 rats
191 creatures vanquished.

Notes
Turn   | Place    | Note
-------+----------+-------------------------------------------
     0 | D:1      | qw the Deep Elf Hunter began the quest for the Orb.
     0 | D:1      | Reached XP level 1. HP: 12/12 MP: 3/3
     0 | D:1      | 0 ||| qw: Version: 0.3-a-155-g5e7d8dd
     0 | D:1      | 0 ||| qw: Game counter: 2399
     0 | D:1      | 0 ||| qw: Melee chars always use a shield: true
     0 | D:1      | 0 ||| qw: God list: Okawaru
     0 | D:1      | 0 ||| qw: Allow faded altars: false
     0 | D:1      | 0 ||| qw: Do Orc after clearing Dungeon:15 true
     0 | D:1      | 0 ||| qw: Do second Lair branch before Depths: true
     0 | D:1      | 0 ||| qw: Lair rune preference: random
     0 | D:1      | 0 ||| qw: Goals: Normal
     0 | D:1      | 0 ||| PLANNING D:1-11
    51 | D:1      | Found a faded altar of an unknown god.
   152 | D:1      | Reached skill level 6 in Ranged Weapons
   152 | D:1      | Reached XP level 2. HP: 16/16 MP: 4/4
   167 | D:1      | Found Hucawer's Assorted Antiques.
   176 | D:1      | 176 ||| SHOPLISTING pair of gloves (99 gold, have 6).
   176 | D:1      | 176 ||| SHOPLISTING pair of glowing gloves (165 gold, have
                  | 6).
   176 | D:1      | 176 ||| SHOPLISTING scroll labelled XUAMMO SITAALA (22
                  | gold, have 6).
   558 | D:1      | 558 ||| UPGRADING to +0 pair of boots.
   563 | D:1      | 563 ||| READING 2 scrolls labelled YGYZEI TIUZXOM.
   563 | D:1      | 563 ||| IDENTIFYING lumpy ruby potion
   564 | D:1      | 564 ||| READING scroll of identify.
   564 | D:1      | 564 ||| IDENTIFYING bubbling clear potion
   565 | D:1      | 565 ||| READING scroll labelled JISMUPPAPTA.
   566 | D:1      | 566 ||| READING scroll labelled QORIELAXKO.
   566 | D:1      | 566 ||| BRANDING +0 shortbow.
   567 | D:1      | 567 ||| DRINKING 2 lumpy purple potions.
   568 | D:1      | 568 ||| DROPPING scroll of butterflies.
   569 | D:1      | 569 ||| DROPPING potion of lignification.
   646 | D:2      | Reached XP level 3. HP: 19/20 MP: 5/5
   739 | D:2      | Reached skill level 7 in Ranged Weapons
  1089 | D:2      | 1089 ||| READING scroll of identify.
  1089 | D:2      | 1089 ||| IDENTIFYING white potion
  1090 | D:2      | 1090 ||| READING scroll labelled VIFUQA KIEWYBB.
  1091 | D:2      | 1091 ||| DRINKING 2 golden potions.
  1092 | D:2      | 1092 ||| DROPPING potion of magic.
  1094 | D:2      | 1094 ||| Stepping ~*~*~tactically~*~*~ (cloud).
  1094 | D:2      | HP: 2/20 [poisoned by you (poison gas)]
  1095 | D:2      | 1095 ||| DRINKING potion of curing.
  1095 | D:2      | 1095 ||| (to cure poison)
  1152 | D:3      | 1152 ||| PLANNING SEWER
  1432 | D:3      | HP: 1/20 [orc wizard/magic dart (8)]
  1433 | D:3      | 1433 ||| DRINKING 2 potions of heal wounds.
  1437 | D:3      | Reached XP level 4. HP: 15/25 MP: 6/6
  1535 | D:3      | 1535 ||| FLEEEEING.
  1536 | D:3      | 1536 ||| FLEEEEING.
  1635 | D:3      | Reached skill level 8 in Ranged Weapons
  1655 | D:3      | Found a glowing drain.
  1670 | D:3      | 1670 ||| UPGRADING to +0 scale mail.
  1680 | D:3      | 1680 ||| DROPPING +0 leather armour.
  1681 | D:3      | 1681 ||| READING scroll labelled XIUSCHU WUCI.
  1681 | D:3      | Identified a scroll of acquirement
  1681 | D:3      | 1681 ||| ACQUIRING +2 orcbow of flaming
  1681 | D:3      | Acquired a +2 orcbow of flaming
  1682 | D:3      | 1682 ||| READING scroll labelled CYGATT RESOCS.
  1682 | D:3      | 1682 ||| ENCHANTING +0 shortbow of draining.
  1683 | D:3      | 1683 ||| READING scroll labelled USSIEN CONTEDI.
  1684 | D:3      | 1684 ||| READING scroll labelled TAC XUGGIL.
  1689 | Sewer    | Entered a sewer
  1701 | Sewer    | Reached XP level 5. HP: 29/29 MP: 7/7
  1840 | Sewer    | 1840 ||| READING scroll of brand weapon.
  1840 | Sewer    | 1840 ||| BRANDING +1 shortbow of draining.
  1885 | Sewer    | Reached skill level 9 in Ranged Weapons
  1887 | Sewer    | Reached skill level 1 in Armour
  1952 | Sewer    | Reached XP level 6. HP: 30/35 MP: 6/8
  1999 | Sewer    | 1999 ||| READING scroll of enchant weapon.
  1999 | Sewer    | 1999 ||| ENCHANTING +1 shortbow of freezing.
  2086 | Sewer    | 2086 ||| READING scroll labelled POIDYL IROSUMI.
  2087 | Sewer    | 2087 ||| DRINKING 2 sedimented amethyst potions.
  2088 | Sewer    | 2088 ||| DROPPING potion of invisibility.
  2125 | D:3      | 2125 ||| PLANNING D:1-11
  2129 | D:3      | 2129 ||| SWAPPING to +2 orcbow of flaming.
  2130 | D:3      | 2130 ||| DROPPING +2 shortbow of freezing.
  2418 | D:3      | Found a faded altar of an unknown god.
  2418 | D:3      | Found the Hermit's Pendant {Faith Invo=14 Evo=0 MP+5}
  2575 | D:3      | 2575 ||| UPGRADING to Hermit's Pendant {Faith Invo=14 Evo=0
                  | MP+5}.
  2663 | D:3      | 2663 ||| UPGRADING to +6 ring of strength.
  2664 | D:3      | 2664 ||| READING scroll of identify.
  2664 | D:3      | 2664 ||| IDENTIFYING pink potion
  2665 | D:3      | 2665 ||| DRINKING 2 fizzy ruby potions.
  2733 | D:4      | Reached skill level 10 in Ranged Weapons
  2815 | D:4      | Reached XP level 7. HP: 40/40 MP: 19/19
  2821 | D:4      | Reached skill level 3 in Dodging
  3092 | D:4      | Reached skill level 11 in Ranged Weapons
  3462 | D:4      | 3462 ||| UPGRADING to +0 ring mail.
  3472 | D:4      | 3472 ||| DROPPING +0 scale mail.
  3473 | D:4      | 3473 ||| UPGRADING to ring of protection from cold.
  3474 | D:4      | 3474 ||| READING scroll labelled WERGHEINGYIH.
  3475 | D:4      | 3475 ||| READING scroll labelled TUEFOOFAMAR.
  3576 | D:4      | 3576 ||| READING scroll labelled XUAMMO SITAALA.
  3576 | D:4      | 3576 ||| ENCHANTING +0 pair of boots.
  3604 | D:5      | Entered Level 5 of the Dungeon
  3611 | D:5      | 3611 ||| STAIRDANCE
  3701 | D:5      | Found a blossoming altar of Fedhas.
  3967 | D:5      | Reached XP level 8. HP: 44/44 MP: 20/20
  3972 | D:5      | Reached skill level 12 in Ranged Weapons
  4044 | D:5      | Reached skill level 3 in Fighting
  4112 | D:5      | Found a staircase to the Ecumenical Temple.
  4113 | D:5      | 4113 ||| PLANNING TEMPLE
  4119 | D:5      | 4119 ||| READING 2 scrolls of identify.
  4119 | D:5      | 4119 ||| IDENTIFYING bubbling brown potion
  4120 | D:5      | 4120 ||| READING scroll of identify.
  4120 | D:5      | 4120 ||| IDENTIFYING fuming dark potion
  4121 | D:5      | 4121 ||| READING scroll labelled RYSCHI PUENYDGH.
  4357 | D:5      | 4357 ||| READING scroll labelled ROINTE FUDOPP.
  4358 | D:5      | 4358 ||| DROPPING potion of degeneration.
  4359 | D:5      | 4359 ||| DROPPING potion of attraction.
  4362 | Temple   | Entered the Ecumenical Temple
  4363 | Temple   | 4363 ||| PLANNING D:1-11
  4521 | D:6      | Reached skill level 13 in Ranged Weapons
  4658 | D:6      | 4658 ||| DRINKING 3 potions of curing.
  4658 | D:6      | 4658 ||| (to cure confusion)
  4719 | D:6      | Found Wakak's Jewellery Emporium.
  4727 | D:6      | 4727 ||| SHOPLISTING amulet of reflection (330 gold, have
                  | 199).
  4730 | D:6      | Noticed Eustachio
  4747 | D:6      | Killed Eustachio
  4817 | D:6      | Reached XP level 9. HP: 50/50 MP: 21/21
  5108 | D:6      | Noticed Jeremiah
  5109 | D:6      | 5109 ||| DRINKING potion of haste.
  5136 | D:6      | HP: 10/43 [Jeremiah/+2 trident of draining (3)]
  5137 | D:6      | 5137 ||| DRINKING 3 potions of heal wounds.
  5145 | D:6      | HP: 2/39 [Jeremiah/divine providence (10)]
  5146 | D:6      | 5146 ||| DRINKING 2 potions of heal wounds.
  5148 | D:6      | 5148 ||| FLEEEEING.
  5149 | D:6      | 5149 ||| FLEEEEING.
  5167 | D:6      | Killed Jeremiah
  5168 | D:6      | Reached skill level 14 in Ranged Weapons
  5351 | D:6      | Found a hide-covered altar of Uskayaw.
  5351 | D:6      | Found a sacrificial altar of Ru.
  5480 | D:6      | 5480 ||| READING scroll of identify.
  5480 | D:6      | 5480 ||| IDENTIFYING cyan potion
  5481 | D:6      | 5481 ||| READING 3 scrolls labelled QUODGH TUARPH.
  5482 | D:6      | 5482 ||| DROPPING 2 scrolls of immolation.
  5483 | D:6      | 5483 ||| DROPPING potion of berserk rage.
  5514 | D:7      | Found a radiant altar of Vehumet.
  5514 | D:7      | Found an iron altar of Okawaru.
  5514 | D:7      | Found a glowing silver altar of Zin.
  5515 | D:7      | 5515 ||| PLANNING OKAWARU WORSHIP
  5515 | D:7      | Found an ornate altar of the Wu Jian Council.
  5520 | D:7      | Became a worshipper of Warmaster Okawaru
  5521 | D:7      | 5521 ||| PLANNING D:1-11
  5590 | D:7      | Reached skill level 15 in Ranged Weapons
  5590 | D:7      | 5590 ||| FLEEEEING.
  5591 | D:7      | 5591 ||| FLEEEEING.
  5592 | D:7      | 5592 ||| FLEEEEING.
  5619 | D:7      | Reached skill level 6 in Dodging
  5646 | D:7      | 5646 ||| FLEEEEING.
  5733 | D:7      | Reached * piety under Okawaru
  5744 | D:7      | Found an ancient bone altar of Kikubaaqudgha.
  5834 | D:7      | Noticed Prince Ribbit
  5840 | D:7      | Killed Prince Ribbit
  5841 | D:7      | Reached skill level 1 in Invocations
  6475 | D:8      | Reached skill level 3 in Invocations
  6489 | D:8      | HP: 11/52 [bullfrog (3)]
  6490 | D:8      | 6490 ||| DRINKING potion of heal wounds.
  6561 | D:8      | Noticed a polar bear
  6562 | D:8      | 6562 ||| INVOKING Heroism.
  6564 | D:8      | Noticed a polar bear
  6565 | D:8      | 6565 ||| RETREEEEATING.
  6566 | D:8      | 6566 ||| RETREEEEATING.
  6570 | D:8      | Killed a polar bear
  6579 | D:8      | Killed a polar bear
  6579 | D:8      | Reached ** piety under Okawaru
  6580 | D:8      | Reached XP level 10. HP: 30/56 MP: 22/22
  6581 | D:8      | HP: 5/56 [yak (12)]
  6584 | D:8      | Reached skill level 16 in Ranged Weapons
  6836 | D:8      | Reached *** piety under Okawaru
  7108 | D:8      | 7108 ||| RETREEEEATING.
  7115 | D:8      | HP: 13/59 [poisoned by a killer bee]
  7118 | D:8      | HP: 4/59 [gnoll/+0 flail[a gnoll bouda] (7)]
  7120 | D:8      | HP: 1/59 [killer bee (2)]
  7120 | D:8      | Slain by a killer bee

Levels and vault maps discovered:
D:1:      matt_arrival_spirals, layout_basic, nicolae_ecumenical_lake_church,
          serial_shops, nicolae_diamond_shop, corexii_hall_statues_l,
          minmay_misc_feat_tiny
D:2:      layout_basic
D:3:      layout_loops_corners, portal_sewer_entry_e,
          hellmonk_guarded_unrand_hermit
D:4:      layout_loops_ring
D:5:      layout_basic, mainiacjoe_overflow_concentric_impassable,
          minmay_temple_entry_enclosed_plants, small_statue_intersection
D:6:      layout_gridville, gammafunk_temple_overflow_elements,
          minmay_shop_enchanted_jewellery, uniq_jeremiah, uniq_eustachio
D:7:      nicolae_cairo_tiling_very_big, layout_loops_ring,
          chequers_temple_overflow_statue_of_worship,
          lemuel_zombie_altar_kikubaaqudgha, uniq_prince_ribbit1
D:8:      layout_loops_ring, david_lair_shrubbed, gammafunk_ghost_necromancy,
          serial_ice, serial_ice_a, serial_ice_e, serial_ice_i, serial_ice_d,
          serial_ice_o, serial_ice_f
Temple:   nicolae_temple_no_exploring_needed

Skill      XL: |  1  2  3  4  5  6  7  8  9 10 |
---------------+-------------------------------+-----
Ranged Weapons | 6 7 8 9 10 11 13 15 16 | 16.0
Armour         | 1 2 |  2.0
Fighting       | 2 3 4 5 |  5.1
Dodging        | 4 5 6 7 |  7.6
Invocations    | 4 |  4.3
Stealth        | |  1.2

Action                     |  1- 3 |  4- 6 |  7- 9 | 10-12 || total
---------------------------+-------+-------+-------+-------++-------
   Fire: Shortbow          |    94 |    89 |       |       ||   183
         Orcbow            |       |    28 |   280 |    99 ||   407
 Invoke: Heroism           |       |       |     1 |       ||     1
    Use: Scroll            |     6 |     8 |     9 |       ||    23
         Potion            |     4 |     2 |     5 |       ||    11
 Armour: Leather armour    |    33 |    14 |       |       ||    47
         Scale mail        |       |    16 |    14 |       ||    30
         Ring mail         |       |       |    53 |    20 ||    73
  Dodge: Dodged            |    29 |    21 |    65 |    14 ||   129

Table legend:
 A = Non-vault XP
 B = Vault XP
 C = Vault XP percentage of total XP
 D = Non-vault monster count
 E = Vault monster count
 F = Vault count percentage of total count
                 A         B        C        D         E       F
            +---------+---------+-------+---------+---------+-------
      Total |    4880 |    2733 |  35.9 |     147 |      44 |  23.0
            +---------+---------+-------+---------+---------+-------
        D:1 |      21 |       0 |   0.0 |      12 |       0 |   0.0
        D:2 |      57 |       0 |   0.0 |      21 |       0 |   0.0
        D:3 |     122 |     181 |  59.7 |      21 |       9 |  30.0
        D:4 |     555 |       0 |   0.0 |      21 |       0 |   0.0
        D:5 |     762 |       0 |   0.0 |      16 |       0 |   0.0
        D:6 |     837 |     596 |  41.6 |      13 |       2 |  13.3
        D:7 |     702 |     349 |  33.2 |      20 |       6 |  23.1
        D:8 |    1824 |    1327 |  42.1 |      23 |       8 |  25.8
      Sewer |       0 |     280 | 100.0 |       0 |      19 | 100.0
            +---------+---------+-------+---------+---------+-------
